 Dungeon Crawl Stone Soup version 0.31-a0-1009-g454b1f1e0a (webtiles) character file.

Game seed: 2754685902472019995

17638 BinkBink the Thrower (level 12, -14/133 HPs)
             Began as an Ogre Gladiator on Nov 14, 2023.
             Was a High Priest of Okawaru.
             Demolished by a red ugly thing (23 damage)
             ... on level 12 of the Dungeon.
             The game lasted 00:45:10 (14375 turns).

BinkBink the Thrower (Ogre Gladiator)              Turns: 14375, Time: 00:45:11

Health: -14/133    AC: 18    Str: 25    XL:     12   Next: 50%
Magic:  18/18      EV:  9    Int: 12    God:    Okawaru [*****.]
Gold:   935        SH:  0    Dex: 10    Spells: 11/11 levels left

rFire   . . .        F - +2 hammer (protect)
rCold   . . .        (no shield)
rNeg    . . .        z - +2 swamp dragon scales
rPois   +            J - +0 hat {Int+3}
rElec   .            i - +0 cloak
rCorr   .            (gloves unavailable)
SInv    .            (boots unavailable)
Will    ++...        h - amulet of regeneration Stlth
                     q - ring of willpower
HPRegen 1.22/turn    (no ring)
MPRegen 0.16/turn

%: no passive effects
@: under a protective aura
A: large, unfitting armour, tough skin 1
a: Renounce Religion, Heroism, Finesse, Duel


You were on level 12 of the Dungeon.
You worshipped Okawaru.
Okawaru was extremely pleased with you.
You visited 2 branches of the dungeon, and saw 13 of its levels.
You also visited: Ossuary.

You collected 935 gold pieces.

Inventory:

Hand Weapons
 f - a +0 giant spiked club
 j - a +1 flail of protection
 s - a +4 flail
 B - a +0 giant club
 F - a +2 hammer of protection (weapon)
Missiles
 g - a boomerang (quivered)
 H - 5 silver javelins
 L - 9 poisoned darts
Armour
 i - a +0 cloak (worn)
 z - +2 swamp dragon scales (worn)
 J - a +0 hat of intelligence (worn)
Jewellery
 h - an amulet of regeneration (around neck)
 n - a ring of ice
 q - a ring of willpower (left hand)
 v - a ring of wizardry
 G - a ring of wizardry
 I - a +6 ring of intelligence
Wands
 r - a wand of paralysis (21)
 C - a wand of light (3)
Scrolls
 a - 2 scrolls of silence
 b - 4 scrolls of enchant armour
 m - 4 scrolls of immolation
 o - 2 scrolls of vulnerability
 p - 2 scrolls of teleportation
 u - 5 scrolls of noise
 y - 3 scrolls of enchant weapon
 D - 3 scrolls of fog
Potions
 c - a potion of ambrosia {unknown}
 d - a potion of brilliance {unknown}
 e - a potion of magic {unknown}
 k - a potion of attraction {unknown}
 l - 3 potions of resistance
 t - 3 potions of degeneration {unknown}
 w - 5 potions of might
 x - 3 potions of mutation {unknown}
 A - 4 potions of curing
 E - 2 potions of invisibility {unknown}
 K - a potion of cancellation {unknown}


   Skills:
 + Level 12.5 Fighting
 + Level 9.1 Maces & Flails
 * Level 13.4 Throwing
 - Level 2.8 Dodging
 + Level 8.1 Invocations


You had 11 spell levels left.
You didn't know any spells.
Your spell library contained the following spells:

 Spells                   Type           Power      Damage    Failure   Level
 Sting                    Tmut/Pois      0%         1d3       45%         1
 Ensorcelled Hibernation  Hex/Ice        0%         N/A       61%         2
 Passwall                 Tmut/Erth      0%         N/A       61%         2
 Poisonous Vapours        Pois/Air       0%         N/A       61%         2
 Inner Flame              Hex/Fire       0%         N/A       83%         3
 Stone Arrow              Conj/Erth      0%         3d7       83%         3
 Swiftness                Air            0%         N/A       83%         3
 Olgreb's Toxic Radiance  Pois           0%         N/A       99%         4
 Yara's Violent Unravell  Hex/Tmut       0%         3d3       100%        5
 Enfeeble                 Hex            0%         N/A       100%        7
 Lehudib's Crystal Spear  Conj/Erth      0%         10d2      100%        8
 Animate Armour           Summ/Erth      Unusable   N/A       N/A         4

Dungeon Overview and Level Annotations

Branches:
Dungeon (12/15)            Temple (0/1) D:6            Lair (1/5) D:9
Ossuary (visited)
    Orc: D:9-12

Altars:
Elyvilon
Fedhas
Hepliaklqana
Okawaru
Uskayaw
The Shining One

Shops:
D:1 (   D:9 :   D:10 [

Annotations:
D:3 exclusion: oklob plant
D:7 1 runed translucent door, Crazy Yiuf
D:11 3 runed translucent doors, kal9871's ghost, journeyman DrMo


Innate Abilities, Weirdness & Mutations

You are too large for most types of armour.
You have tough skin. (AC +1)


Message History

The red ugly thing is heavily wounded.
The red ugly thing barely misses you.
You sock the red ugly thing!
The red ugly thing is severely wounded.
The red ugly thing tentacle-slaps you but does no damage.
You barely miss the red ugly thing.
The red ugly thing is severely wounded.
The red ugly thing tentacle-slaps you but does no damage.
You closely miss the red ugly thing.
The red ugly thing is severely wounded.
The red ugly thing tentacle-slaps you but does no damage.
You barely miss the red ugly thing.
The red ugly thing is severely wounded.
The red ugly thing tentacle-slaps you but does no damage.
You closely miss the red ugly thing. You punch the red ugly thing.
The red ugly thing is severely wounded.
The red ugly thing tentacle-slaps you!
You are engulfed in flames!
You hit the red ugly thing.
The red ugly thing is severely wounded.
You hit the red ugly thing.
The red ugly thing is severely wounded.
The red ugly thing tentacle-slaps you but does no damage.
You hit the red ugly thing.
The red ugly thing is severely wounded.
The red ugly thing tentacle-slaps you.
You are engulfed in flames!!
* * * LOW HITPOINT WARNING * * *
You closely miss the red ugly thing.
The red ugly thing is severely wounded.
The red ugly thing tentacle-slaps you!
* * * LOW HITPOINT WARNING * * *
You are engulfed in flames!!
* * * LOW HITPOINT WARNING * * *
You completely miss the red ugly thing.
The red ugly thing is severely wounded.
The red ugly thing tentacle-slaps you but does no damage.
Unknown command.
You feel better. The red ugly thing tentacle-slaps you.
* * * LOW HITPOINT WARNING * * *
You are engulfed in flames!!
You die...

#...#...##+#...#..#.....
#.. #...#..#......#.....
#...#...#..#...#..#####'
#...#...#..#####........
#..........# #........
#..........# #........
#####..##### ####..###
#..#..# #.....# #.u@..#
#.....# #..#(.# #######
.....#.(...
#...#######.... #... ...
#.. .. #.. .


You could see a red ugly thing.

Vanquished Creatures
  Gastronok (D:9)
  Erolcha (D:11)
  A centaur warrior (D:11)
  Lodul (D:11)
  A manticore (D:11)
  A cyclops (D:12)
  2 rust devils (D:9)
  2 black mambas (Lair:1)
  A smoke demon (D:9)
  Maggie (D:9)
  2 gargoyles
  A cane toad (Lair:1)
  A red devil (D:9)
  A troll (D:9)
  5 blink frogs (Lair:1)
  18 yaks
  2 vampires
  2 wyverns
  2 steam dragons (D:8)
  Grum (D:9)
  7 vampire mosquitoes
  2 wargs
  An acid dragon (D:11)
  4 water moccasins
  A black bear (D:5)
  An ice beast (D:7)
  5 orc warriors
  A sky beast (D:7)
  8 ogres
  5 wolves
  A centaur (D:9)
  A kobold brigand (D:9)
  A gnoll sergeant (D:9)
  3 scorpions (D:5)
  6 bullfrogs
  2 water moccasin zombies (Ossuary)
  10 wights
  4 killer bees (D:9)
  A howler monkey (D:4)
  A lava snake (D:9)
  3 hounds
  2 jellies (D:6)
  6 orc priests
  2 gnoll boudas
  3 sleepcaps
  Jessica (D:3)
  An iguana (D:5)
  10 orc wizards
  3 mummies
  20 gnolls
  9 adders
  2 shadow imps
  A white imp (D:5)
  7 adder zombies (Ossuary)
  A worm (D:2)
  5 dart slugs
  39 orcs
  9 bats
  9 endoplasms
  A giant cockroach (D:4)
  7 goblins
  5 hobgoblins
  13 jackals
  15 kobolds
  4 quokkas
  6 ball pythons
  A frilled lizard (D:3)
  A gnoll zombie (Ossuary)
  8 hobgoblin zombies (Ossuary)
  4 kobold zombies
  8 orc zombies
  11 rats
329 creatures vanquished.

Vanquished Creatures (others)
  An orc wizard (D:5)
1 creature vanquished.

Grand Total: 330 creatures vanquished

Notes
Turn   | Place    | Note
-------+----------+-------------------------------------------
     0 | D:1      | BinkBink the Ogre Gladiator began the quest for the Orb.
     0 | D:1      | Reached XP level 1. HP: 22/22 MP: 1/1
    68 | D:1      | Reached XP level 2. HP: 28/29 MP: 2/2
   391 | D:1      | Reached XP level 3. HP: 37/37 MP: 3/3
   697 | D:1      | Found Ponieseu's Weapon Shop.
   908 | D:2      | Reached skill level 3 in Throwing
   925 | D:2      | Reached XP level 4. HP: 45/45 MP: 4/4
  1515 | D:2      | Found a hazy altar of Hepliaklqana.
  1771 | D:3      | Reached XP level 5. HP: 37/54 MP: 5/5
  1823 | D:3      | Reached skill level 4 in Throwing
  1854 | D:3      | Noticed Jessica
  1858 | D:3      | Killed Jessica
  2342 | D:3      | Found a blossoming altar of Fedhas.
  2364 | D:3      | Noticed an oklob plant
  3007 | D:4      | Reached XP level 6. HP: 61/63 MP: 6/6
  3515 | D:4      | Found an iron altar of Okawaru.
  3526 | D:4      | Became a worshipper of Warmaster Okawaru
  4008 | D:5      | Entered Level 5 of the Dungeon
  4049 | D:5      | Reached skill level 5 in Fighting
  4049 | D:5      | Reached skill level 5 in Throwing
  4212 | D:5      | Reached XP level 7. HP: 68/72 MP: 7/7
  4700 | D:5      | Reached skill level 6 in Throwing
  4788 | D:6      | Found a staircase to the Ecumenical Temple.
  4954 | D:6      | Reached * piety under Okawaru
  5078 | D:6      | Reached XP level 8. HP: 83/83 MP: 8/8
  5174 | D:6      | Reached skill level 5 in Maces & Flails
  5286 | D:6      | Reached skill level 7 in Throwing
  6042 | D:7      | Found a sand-covered staircase.
  6062 | Ossuary  | Entered an ossuary
  6203 | Ossuary  | Reached skill level 8 in Throwing
  6332 | D:7      | Reached XP level 9. HP: 90/94 MP: 9/9
  6336 | D:7      | Reached ** piety under Okawaru
  6475 | D:7      | Identified the beast talisman of the Imp {rPois rN+ Will+}
  6562 | D:7      | Identified the +1 hammer "Xyivaef" {freeze, rC+ MP+9}
  6570 | D:7      | Found a runed translucent door.
  6571 | D:7      | Noticed Crazy Yiuf
  6908 | D:8      | Reached skill level 1 in Invocations
  7119 | D:8      | Reached skill level 9 in Throwing
  7135 | D:8      | Reached *** piety under Okawaru
  7970 | D:9      | Reached XP level 10. HP: 61/107 MP: 12/12
  8051 | D:9      | Reached skill level 10 in Throwing
  8332 | D:9      | Noticed Grum
  8351 | D:9      | Killed Grum
  8351 | D:9      | Reached **** piety under Okawaru
  8474 | D:9      | Found a hide-covered altar of Uskayaw.
  8534 | D:9      | Found a staircase to the Lair.
  8548 | D:9      | Noticed a rust devil
  8564 | D:9      | Noticed a smoke demon
  8565 | D:9      | Noticed a rust devil
  8570 | D:9      | Killed a smoke demon
  8629 | D:9      | Reached skill level 10 in Fighting
  8659 | D:9      | Killed a rust devil
  8659 | D:9      | Reached ***** piety under Okawaru
  8660 | D:9      | Reached skill level 5 in Invocations
  8761 | D:9      | Killed a rust devil
  8762 | D:9      | Reached skill level 11 in Throwing
  8833 | D:9      | Found Lugymaoh's Book Shoppe.
  8846 | D:9      | Noticed Maggie
  8861 | D:9      | Killed Maggie
  8929 | D:9      | Reached XP level 11. HP: 119/119 MP: 15/15
  9169 | D:9      | Found a white marble altar of Elyvilon.
  9384 | D:9      | Noticed Gastronok
  9505 | D:9      | Killed Gastronok
  9505 | D:9      | Received a gift from Okawaru
  9796 | D:10     | Entered Level 10 of the Dungeon
  9802 | D:10     | Found Gaocom's Antique Armour Shop.
  9844 | D:10     | HP: 5/119 [yak (10)]
 10331 | D:10     | HP: 4/120 [vampire (10)]
 10480 | D:13     | Identified the of Cirej
 10480 | Lair:1   | Entered Level 1 of the Lair of Beasts
 10716 | Lair:1   | Reached skill level 12 in Throwing
 11078 | Lair:1   | HP: 6/120 [blink frog (14)]
 11079 | Lair:1   | HP: 1/120 [blink frog (6)]
 11985 | D:10     | Received a gift from Okawaru
 12034 | D:10     | HP: 4/121 [something (10)]
 12386 | D:10     | Reached XP level 12. HP: 31/132 MP: 17/17
 12510 | D:10     | Found a glowing golden altar of the Shining One.
 12840 | D:11     | Noticed Erolcha
 12868 | D:11     | Noticed a centaur warrior
 13243 | D:11     | Killed Erolcha
 13273 | D:11     | Reached skill level 13 in Throwing
 13278 | D:11     | Noticed Lodul
 13284 | D:11     | Killed Lodul
 13525 | D:11     | Killed a centaur warrior
 13525 | D:11     | Received a gift from Okawaru
 13536 | D:11     | HP: 5/133 [manticore (7)]
 13819 | D:11     | Found a runed translucent gate.
 13819 | D:11     | Noticed kal9871's ghost (journeyman DrMo)
 13820 | D:11     | Found a runed translucent gate.
 13820 | D:11     | Identified the +11 plate armour of Lethargy {Contam rElec
                  | Dex+5}
 13821 | D:11     | Found a runed translucent gate.
 13825 | D:11     | Identified the +1 scale mail "Ebavoe" {rC+ Int+5}
 14373 | D:12     | HP: 4/133 [red ugly thing (18)]
 14375 | D:12     | Demolished by a red ugly thing

Illustrated notes

Levels and vault maps discovered:
D:1:      lightli_arrival_windingriver, layout_basic, serial_shops,
          nicolae_shop_real_fake_doors
D:2:      layout_basic, basic_altar, serial_aquarium, aquarium_bridge_square
          [aquarium_subvault_bridge, aquarium_subvault_bridge,
          aquarium_subvault_wall, aquarium_subvault_window],
          aquarium_window_fake, aquarium_window_2, aquarium_window_corridor_1,
          aquarium_view_2f, aquarium_view_2b, aquarium_pool_2
D:3:      layout_loops_cross, tgw_fedhas, uniq_jessica
D:4:      layout_rooms, old_standard_altar, serial_forest,
          infiniplex_forest_lined_2, infiniplex_forest_end_2,
          infiniplex_forest_corner_2, infiniplex_forest_pool,
          infiniplex_forest_side_room, infiniplex_forest_end_double,
          infiniplex_forest_straight_3, kennysheep_dice
D:5:      layout_loops_ring
D:6:      layout_basic, temple_statues
D:7:      layout_basic, nicolae_ossuary_entry_giza, uniq_crazy_yiuf_cottage
D:8:      layout_basic, nicolae_letterblocks [nicolae_letter_subblock,
          nicolae_letter_subblock, nicolae_letter_subblock,
          nicolae_letter_subblock, nicolae_letter_subblock,
          nicolae_letter_subblock, nicolae_letter_subblock,
          nicolae_letter_subblock, nicolae_letter_subblock,
          nicolae_letter_subblock, nicolae_letter_subblock,
          nicolae_letter_subblock, nicolae_letter_subblock,
          nicolae_letter_subblock, nicolae_letter_subblock,
          nicolae_letter_subblock, nicolae_letter_subblock,
          nicolae_letter_subblock, nicolae_letter_subblock,
          nicolae_letter_subblock, nicolae_letter_subblock,
          nicolae_letter_subblock, nicolae_letter_subblock,
          nicolae_letter_subblock, nicolae_letter_subblock]
D:9:      layout_layer_cave, nicolae_uskayaw_dance_studio, elyvilon_altar_5,
          erik_lair_orcish_takeover, serial_shops,
          nicolae_shop_tiny_statue_garden, minmay_misc_feat_rows,
          nicolae_where_there's_smoke, uniq_maggie, uniq_gastronok, uniq_grum
D:10:     layout_irregular_city, lemuel_tele_altar, serial_shops,
          nicolae_stop_n_shop_1, minmay_misc_feat_pillars, grunt_ministairs_13
D:11:     layout_cave_pools, gauntlet_entry_generic, biasface_ghost_orc_armoury,
          uniq_erolcha, uniq_lodul
D:12:     layout_grid_maze, orc_0_dummy
Lair:1:   layout_chaotic_city, grunt_megastairs_5, infiniplex_staircase_pool_2

Skill      XL: |  1  2  3  4  5  6  7  8  9 10 11 12 |
---------------+-------------------------------------+-----
Fighting       | 3 4 5 6 7 9 10 11 12 | 12.5
Maces & Flails | 3 4 5 6 7 8 9 |  9.1
Throwing       | 3 4 5 6 8 9 11 12 13 | 13.4
Invocations    | 3 5 7 8 |  8.1
Dodging        | |  2.8

Action                     |  1- 3 |  4- 6 |  7- 9 | 10-12 || total
---------------------------+-------+-------+-------+-------++-------
  Melee: Flail             |   102 |   214 |   333 |       ||   649
         Punch             |       |     3 |     9 |    10 ||    22
         Mace              |       |       |   123 |   760 ||   883
  Throw: Large rock        |    10 |     2 |     4 |     4 ||    20
         Stone             |       |    40 |    14 |    24 ||    78
         Boomerang         |       |       |    75 |   121 ||   196
         Throwing net      |       |       |     1 |     8 ||     9
         Javelin           |       |       |       |    18 ||    18
         Dart              |       |       |       |     3 ||     3
 Invoke: Heroism           |       |       |       |     2 ||     2
  Evoke: Wand              |       |       |       |     5 ||     5
    Use: Scroll            |       |       |       |    23 ||    23
         Potion            |       |       |       |     9 ||     9
   Stab: Sleeping          |       |     1 |     1 |       ||     2
 Armour: Robe              |    82 |   162 |   279 |       ||   523
         Steam dragon scal |       |       |    89 |    83 ||   172
         Swamp dragon scal |       |       |       |   884 ||   884
  Dodge: Dodged            |    87 |   160 |   222 |   360 ||   829

Table legend: (Time is in decaauts)
 A = Elapsed time spent in this place.
 B = Non-inter-level travel time spent in this place.
 C = Inter-level travel time spent in this place.
 D = Time resting spent in this place.
 E = Time spent auto-exploring this place.
 F = Levels seen in this place.
 G = Mean time per level.
                   A        B        C        D        E       F      G
               +--------+--------+--------+--------+--------+-----+--------+
         Total |  14464 |  13419 |   1045 |   1888 |   7921 |  14 | 1033.1 |
       Dungeon |  13118 |  12118 |   1000 |   1410 |   7614 |  12 | 1093.2 |
          Lair |   1127 |   1083 |     44 |    477 |    229 |   1 | 1127.0 |
       Ossuary |    218 |    218 |      0 |      0 |     78 |   1 |  218.0 |
               +--------+--------+--------+--------+--------+-----+--------+

Top non-repeatable levels by time:
     D:9: 2360 daAuts
    D:10: 1705 daAuts
     D:3: 1310 daAuts
     D:8: 1285 daAuts
  Lair:1: 1127 daAuts
     D:4: 1051 daAuts
     D:7: 973 daAuts
     D:1: 898 daAuts
    D:11: 864 daAuts
     D:5: 841 daAuts
     D:6: 828 daAuts
     D:2: 818 daAuts
 Ossuary: 218 daAuts
    D:12: 179 daAuts
